 Seeded DCSS version 0.30-a0-808-g6e0788376e (webtiles) character file.

Game seed: 1 (custom seed)

528 Misst the Covered (level 7, 0/54 HPs)
             Began as a Human Berserker on Feb 25, 2023.
             Was a Priest of Trog.
             Slain by a gnoll
             ... wielding a +0 halberd
             ... led by a gnoll bouda
              (2 damage)
             ... on level 6 of the Dungeon.
             The game lasted 00:27:35 (4180 turns).

Misst the Covered (Human Berserker)                 Turns: 4180, Time: 00:27:36

Health: 0/54       AC: 11    Str: 16 (19) XL:     7   Next: 48%
Magic:  7/7        EV:  7    Int:  7      God:    Trog [***...]
Gold:   226        SH:  5    Dex: 13      Spells: 6/6 levels left

rFire   . . .      SeeInvis .    K - +4 quarterstaff "Ysseureo" {vamp, *Corrode Fly rElec}
rCold   . . .      Faith    .    (shield currently unavailable)
rNeg    . . .      Spirit   .    O - +0 chain mail
rPois   .          Reflect  +    X - +0 helmet
rElec   +          Harm     .    U - +0 cloak
rCorr   .          Rampage  .    (no gloves)
Will    .....                    (no boots) Stlth
                                 R - amulet of reflection
HPRegen 0.29/turn                B - ring of wizardry
MPRegen 0.10/turn                (no ring)

@: flying
A: no striking features
a: Renounce Religion, Berserk, Trog's Hand


You were on level 6 of the Dungeon.
You worshipped Trog.
Trog was most pleased with you.
You visited 1 branch of the dungeon, and saw 6 of its levels.

You collected 226 gold pieces.

Inventory:

Hand Weapons
 c - a +0 club
 e - a +0 sling
 g - a +0 dagger
 h - a +0 club
 i - a +4 spear
 l - a +2 dagger of venom
 r - a +0 spear
 t - a +0 dagger
 x - a +0 short sword
 y - a +0 dagger of protection
 D - a +0 rapier
 E - a +0 club
 F - a +0 dagger
 G - a +0 whip
 K - the +4 quarterstaff "Ysseureo" (weapon) {vamp, *Corrode Fly rElec}
   (You found it on level 3 of the Dungeon)

   rElec:     It insulates you from electricity.
   Fly:       It grants you flight.
   *Corrode:  It may corrode you when you take damage.
 M - a +0 flail
 P - a +0 short sword
Missiles
 q - 14 poisoned darts
Armour
 a - a +0 animal skin
 f - a +0 ring mail
 k - a +0 ring mail
 n - a +0 ring mail
 p - a +0 robe
 O - a +0 chain mail (worn)
 Q - a +0 chain mail
 U - a +0 cloak (worn)
 X - a +0 helmet (worn)
 Z - a +0 scale mail
Jewellery
 B - a ring of wizardry (left hand)
 R - an amulet of reflection (around neck)
Scrolls
 b - a scroll of silence {unknown}
 d - a scroll of magic mapping {unknown}
 j - a scroll of vulnerability {unknown}
 o - a scroll of summoning {unknown}
 s - 8 scrolls of identify {unknown}
 u - a scroll of fear {unknown}
 A - a scroll of blinking {unknown}
 H - 2 scrolls of poison {unknown}
 I - a scroll of brand weapon {unknown}
 L - a scroll of immolation {unknown}
 N - a scroll of teleportation {unknown}
 S - a scroll of enchant armour {unknown}
 W - a scroll of noise {unknown}
Potions
 m - a potion of degeneration
 v - 2 potions of haste
 w - a potion of mutation {unknown}
 C - a potion of berserk rage {unknown}
 J - a potion of curing
 T - a potion of resistance {unknown}
 V - a potion of flight {unknown}
 Y - 2 potions of attraction {unknown}


   Skills:
 + Level 4.1 Fighting
 + Level 0.4(2.1) Maces & Flails
 + Level 2.1(3.1) Polearms
 + Level 3.4(3.8) Staves
 + Level 4.3 Armour
 + Level 3.1 Dodging
 + Level 0.1 Stealth
 + Level 1.0 Shields
 + Level 3.2 Unarmed Combat


You had 6 spell levels left.
You didn't know any spells.
Your spell library contained the following spells:

 Spells                   Type           Power      Damage    Failure   Level
 Beastly Appendage        Tmut           0%         N/A       95%         1
 Slow                     Hex            0%         N/A       95%         1
 Wereblood                Tmut           0%         N/A       98%         2
 Confusing Touch          Hex            0%         N/A       100%        3
 Dazzling Flash           Conj/Hex       0%         N/A       100%        3
 Spider Form              Tmut/Pois      0%         N/A       100%        3
 Vampiric Draining        Necr           0%         2d6       100%        3
 Iskenderun's Mystic Bla  Conj/Tloc      0%         2d3       100%        4
 Starburst                Conj/Fire      0%         6d3       100%        6


Dungeon Overview and Level Annotations

Branches:
Dungeon (6/15)
 Temple: D:4-7

Altars:

Shops:
D:3 =

Annotations:
D:6 Pikel


Message History

You kill the lemure!
That felt strangely unrewarding.
You block the lemure's attack. You block Pikel's attack.
The gnoll hits you but does no damage. You block the gnoll's attack.
The lemure hits you but does no damage. The lemure attacks as you move away!
The lemure hits you. The lemure attacks as you move away!
The lemure hits you but does no damage. The lemure attacks as you move away!
You block the lemure's attack. The lemure attacks as you move away!
You block the lemure's attack.
Pikel zaps a wand.
The puff of flame misses you. The lemure attacks as you move away!
The lemure hits you but does no damage.
The gnoll is no longer moving quickly.
The gnoll is no longer moving quickly.
You closely miss the lemure.
The gnoll is no longer moving quickly.
The lemure completely misses you.
You barely miss the lemure. The lemure hits you but does no damage.
Pikel says, "You'll make a fine lemure."
The gnoll closely misses you.
You hit the lemure.
The lemure is moderately wounded.
The lemure barely misses you. You block the gnoll's attack.
You sock the lemure!
The lemure is severely wounded.
The lemure hits you but does no damage.
The gnoll bouda barks out a call to the hunt!
The gnolls pick up the pace!
The gnoll hits you from afar with a +0 halberd!
* * * LOW HITPOINT WARNING * * *
You hear a shout!
You sock the lemure!
The lemure is almost dead.
The lemure hits you.
* * * LOW HITPOINT WARNING * * *
The gnoll hits you from afar with a +0 halberd.
* * * LOW HITPOINT WARNING * * *
You block the lemure's attack.
You hit the lemure.
You kill the lemure!
That felt strangely unrewarding.
The gnoll hits you from afar with a +0 halberd.
You die...

#........#
#.######.# #.#
###.### #.#
#.....# ##
##.####.###.#
...##.......# #.#
#......###.###.#
.#......# #.....#
....##..#####.#@#
.....#.....##.#.#
..##)....##.##.#g#
. $#......#....gK#
.....###.....##.g#
.......#......#..#
...##..#..##.....#
..g.#......#.g...#
......g##....#####


You could see Pikel, a gnoll bouda and 2 gnolls.

Vanquished Creatures
  3 lemures (D:6)
  A scorpion (D:4)
  An orc priest (D:5)
  2 hounds
  Terence (D:3)
  Jessica (D:3)
  An iguana (D:5)
  6 orc wizards
  3 adders (D:2)
  2 shadow imps (D:5)
  A worm (D:3)
  A dart slug (D:1)
  16 orcs
  6 endoplasms
  4 giant cockroaches
  8 goblins
  6 hobgoblins
  2 jackals (D:3)
  7 quokkas
  6 ball pythons
  6 bats
  3 frilled lizards
  6 kobolds
  9 rats
102 creatures vanquished.

Vanquished Creatures (others)
  4 plants (D:3)
4 creatures vanquished.

Grand Total: 106 creatures vanquished

Notes
Turn   | Place    | Note
-------+----------+-------------------------------------------
     0 | D:1      | Misst the Human Berserker began the quest for the Orb.
     0 | D:1      | Reached XP level 1. HP: 18/18 MP: 1/1
   116 | D:1      | Found a faded altar of an unknown god.
   254 | D:1      | Reached XP level 2. HP: 24/24 MP: 2/2
   675 | D:1      | Reached XP level 3. HP: 29/29 MP: 3/3
   715 | D:1      | Reached ** piety under Trog
  1124 | D:2      | Reached skill level 1 in Polearms
  1151 | D:2      | Reached XP level 4. HP: 27/37 MP: 4/4
  1714 | D:3      | Found Yhoowul's Jewellery Boutique.
  1714 | D:3      | Noticed Jessica
  1719 | D:3      | Identified the +4 quarterstaff "Ysseureo" {vamp, *Corrode
                  | Fly rElec}
  1728 | D:3      | Killed Jessica
  1729 | D:3      | Reached XP level 5. HP: 42/42 MP: 5/5
  2118 | D:3      | Noticed Terence
  2128 | D:3      | Killed Terence
  2318 | D:4      | Reached skill level 1 in Staves
  2318 | D:4      | Reached XP level 6. HP: 32/48 MP: 6/6
  2451 | D:4      | Reached *** piety under Trog
  3268 | D:4      | Reached skill level 1 in Shields
  3437 | D:5      | Entered Level 5 of the Dungeon
  3506 | D:5      | Reached XP level 7. HP: 47/54 MP: 7/7
  3532 | D:5      | HP: 2/54 [something/puff of flame (6)]
  4140 | D:6      | Noticed Pikel
  4179 | D:6      | HP: 1/54 [gnoll/+0 halberd[a gnoll bouda] (5)]
  4180 | D:6      | Slain by a gnoll

Illustrated notes

Levels and vault maps discovered:
D:1:      dpeg_arrival_snail, layout_loops_ring, nicolae_ecumenical_lake_church,
          amethyst_killhole
D:2:      layout_rooms, st_stairs_9
D:3:      layout_rooms, serial_shops, nicolae_shop_crystal, serial_bayou_lake_a,
          uniq_jessica, uniq_terence
D:4:      nicolae_cairo_tiling_very_big, layout_rooms, kennysheep_mini,
          uniq_sigmund
D:5:      layout_rooms, serial_shops, nicolae_square_shop
D:6:      minmay_angry_zag, layout_loops_ring, ebering_ghost_inner_flame,
          hangedman_decor_points, uniq_pikel

Skill      XL: |  1  2  3  4  5  6  7 |
---------------+----------------------+-----
Polearms       | 1 2 |  2.1
Fighting       | 4 |  4.1
Staves         | 1 2 3 |  3.4
Armour         | 3 4 |  4.3
Dodging        | 3 |  3.1
Shields        | 1 |  1.0
Maces & Flails | |  0.4
Stealth        | |  0.1
Unarmed Combat | |  3.2

Action                     |  1- 3 |  4- 6 |  7- 9 || total
---------------------------+-------+-------+-------++-------
  Melee: Club              |    33 |       |       ||    33
         Spear             |    42 |    59 |       ||   101
         Punch             |     1 |       |       ||     1
         Quarterstaff      |       |   126 |    68 ||   194
    Use: Potion            |       |     5 |     3 ||     8
 Armour: Animal skin       |     2 |       |       ||     2
         Ring mail         |    27 |    34 |       ||    61
         Chain mail        |       |    91 |    78 ||   169
  Dodge: Dodged            |    52 |   110 |    30 ||   192
  Block: Other             |       |    10 |    33 ||    43

Table legend: (Time is in decaauts)
 A = Elapsed time spent in this place.
 B = Non-inter-level travel time spent in this place.
 C = Inter-level travel time spent in this place.
 D = Time resting spent in this place.
 E = Time spent auto-exploring this place.
 F = Levels seen in this place.
 G = Mean time per level.
                   A        B        C        D        E       F      G
               +--------+--------+--------+--------+--------+-----+--------+
         Total |   4218 |   3373 |    845 |   1300 |   1124 |   6 |  703.0 |
       Dungeon |   4218 |   3373 |    845 |   1300 |   1124 |   6 |  703.0 |
               +--------+--------+--------+--------+--------+-----+--------+

Top non-repeatable levels by time:
     D:4: 1149 daAuts
     D:1: 1123 daAuts
     D:5: 660 daAuts
     D:3: 601 daAuts
     D:2: 593 daAuts
     D:6: 89 daAuts
